 Dungeon Crawl Stone Soup version 0.31-a0-145-g046c7d2549 (webtiles) character file.

Game seed: 12946591357803502614

1486 qw the Skirmisher (level 8, -6/73 HPs)
             Began as a Minotaur Hunter on June 7, 2023.
             Mangled by a vampire mosquito (9 damage)
             ... on level 6 of the Dungeon.
             The game lasted 00:01:35 (4819 turns).

qw the Skirmisher (Minotaur Hunter)                 Turns: 4819, Time: 00:01:36

Health: -6/73      AC:  5    Str: 15      XL:     8   Next: 50%
Magic:  7/7        EV: 12    Int:  6      God:
Gold:   266        SH:  0    Dex: 16 (17) Spells: 7/7 levels left

rFire   . . .        Y - +1 orcbow
rCold   . . .        (shield currently unavailable)
rNeg    . . .        b - +0 ring mail
rPois   .            (helmet restricted)
rElec   .            i - +0 cloak
rCorr   .            (no gloves)
SInv    .            e - +2 pair of boots
Will    .....        (no amulet)
Stlth   +            (no ring)
HPRegen 0.32/turn    (no ring)
MPRegen 0.10/turn

%: no passive effects
@: corroded
A: horns 2, retaliatory headbutt
a: no special abilities


You were on level 6 of the Dungeon.
You visited 1 branch of the dungeon, and saw 6 of its levels.

You collected 266 gold pieces.


Innate Abilities, Weirdness & Mutations

You have a pair of horns on your head.
You reflexively headbutt those who attack you in melee.


   Skills:
 - Level 7.4 Fighting
 + Level 10.0 Ranged Weapons
 - Level 3.1 Armour
 - Level 3.0 Dodging
 - Level 0.7 Stealth


You had 7 spell levels left.
You didn't know any spells.
Your spell library was empty.

Inventory:

Hand Weapons
 Y - a +1 orcbow (weapon)
Armour
 b - a +0 ring mail (worn)
 e - a +2 pair of boots (worn)
 i - a +0 cloak (worn)
Jewellery
 a - a ring of see invisible
Scrolls
 f - 3 scrolls of identify
Potions
 d - a potion of cancellation
 j - a potion of haste
 l - 2 potions of resistance

Dungeon Overview and Level Annotations

Branches:
Dungeon (6/15)
 Temple: D:4-7

Altars:
Gozag
The Shining One

Shops:
D:1 =

Annotations:
D:4 2 transporters, qw's ghost, amateur MiHu
D:5 3 runed translucent doors, qw's ghost, novice GrFi


Message History

Your Fighting skill increases to level 7!
You shoot an arrow.
The arrow closely misses the vampire mosquito.
The arrow hits the acid dragon!
The acid dragon is heavily wounded.
The vampire mosquito bites you!
The vampire mosquito draws strength from your injuries!
The vampire mosquito bites you!
The vampire mosquito draws strength from your injuries!
You shoot an arrow.
The arrow barely misses the vampire mosquito.
The arrow hits the acid dragon.
The acid dragon is severely wounded.
The vampire mosquito misses you. The vampire mosquito barely misses you.
The steam dragon breathes steam at you. The ball of steam hits you.
You shoot an arrow. The arrow hits the vampire mosquito!
The vampire mosquito is moderately damaged.
You are engulfed in a cloud of scalding steam.
The vampire mosquito barely misses you.
The vampire mosquito closely misses you.
You shoot an arrow.
The arrow closely misses the vampire mosquito.
The arrow closely misses the acid dragon.
You are engulfed in a cloud of scalding steam.
The vampire mosquito completely misses you.
The steam dragon misses you. The steam dragon claws you.
The vampire mosquito closely misses you.
You furiously retaliate!
You headbutt the vampire mosquito. The steam dragon barely misses you.
You furiously retaliate!
You headbutt the steam dragon. The steam dragon claws you.
You shoot an arrow. The arrow misses the vampire mosquito.
The arrow hits the acid dragon but does no damage.
The acid dragon is severely wounded.
You are engulfed in a cloud of scalding steam.
The vampire mosquito bites you but does no damage.
The vampire mosquito completely misses you.
The steam dragon completely misses you. The steam dragon barely misses you.
The vampire mosquito bites you!
You die...

....... .###......
..#......# ........
#........ #...>..
+........ #....# #####
#....... #..¤.#o.....
#....... ###..D@yD.....
#....... #...¤.¤#l.....
#.......
#.#....#########.......
#.......# +...#....
#...###.# #.....#.)
#...#...#######.......#
#.. #.#..#...#..#.###.#
#.. #....##.##....###..
#. .#.#...#%#..........


You could see a steam dragon, an acid dragon, a vampire mosquito, an iguana and
an orc.

Vanquished Creatures
  Sigmund (D:3)
  An acid dragon (D:6)
  2 black bears
  2 centaurs
  A phantom (D:5)
  2 scorpions
  A howler monkey (D:5)
  5 hounds
  2 orc priests
  2 jellies
  A gnoll bouda (D:6)
  A sleepcap (D:5)
  Natasha (D:3)
  3 iguanas
  2 orc wizards (D:4)
  5 adders
  4 gnolls (D:6)
  A white imp (D:6)
  An ufetubus (D:4)
  A worm (D:2)
  2 dart slugs
  8 orcs
  12 ball pythons
  6 bats
  6 endoplasms
  2 giant cockroaches
  3 goblins
  11 hobgoblins
  5 jackals
  4 quokkas
  6 frilled lizards
  8 kobolds
  7 rats
119 creatures vanquished.

Notes
Turn   | Place    | Note
-------+----------+-------------------------------------------
     0 | D:1      | qw the Minotaur Hunter began the quest for the Orb.
     0 | D:1      | Reached XP level 1. HP: 18/18 MP: 0/0
     0 | D:1      | 0 ||| qw: Version: 0.2-a-117-gc6b5c8b
     0 | D:1      | 0 ||| qw: Game counter: 2493
     0 | D:1      | 0 ||| qw: Always use a shield: true
     0 | D:1      | 0 ||| qw: God list: Okawaru
     0 | D:1      | 0 ||| qw: Allow faded altars: false
     0 | D:1      | 0 ||| qw: Do Orc after D:15 true
     0 | D:1      | 0 ||| qw: Do second Lair branch before Depths: true
     0 | D:1      | 0 ||| qw: Lair rune preference: random
     0 | D:1      | 0 ||| qw: Plans: Normal
     0 | D:1      | 0 ||| PLANNING D:1-11
   254 | D:1      | Reached XP level 2. HP: 25/25 MP: 1/1
   262 | D:1      | Reached skill level 5 in Ranged Weapons
   340 | D:1      | Reached skill level 3 in Fighting
   391 | D:1      | Found Jaolyr's Jewellery Boutique.
   407 | D:1      | 407 ||| SHOPLISTING +4 ring of protection (468 gold, have
                  | 36).
   407 | D:1      | 407 ||| SHOPLISTING +6 ring of dexterity (468 gold, have
                  | 36).
   407 | D:1      | 407 ||| SHOPLISTING amulet of regeneration (390 gold, have
                  | 36).
   407 | D:1      | 407 ||| SHOPLISTING ring of ice (325 gold, have 36).
   407 | D:1      | 407 ||| SHOPLISTING ring of positive energy (260 gold, have
                  | 36).
   407 | D:1      | 407 ||| SHOPLISTING ring of resist corrosion (260 gold,
                  | have 36).
   737 | D:1      | Reached XP level 3. HP: 31/31 MP: 2/2
   747 | D:1      | 747 ||| UPGRADING to +2 pair of boots.
   752 | D:1      | 752 ||| UPGRADING to +0 cloak.
   757 | D:1      | 757 ||| DROPPING ring of magical power.
   758 | D:1      | 758 ||| DROPPING +6 ring of intelligence.
   759 | D:1      | 759 ||| READING 2 scrolls labelled MOJAXK PICHEIH.
   760 | D:1      | 760 ||| READING scroll labelled DEWNEILO AVOGI.
   761 | D:1      | 761 ||| READING scroll labelled NEOXOUNA RUFOA.
   762 | D:1      | 762 ||| READING scroll labelled BURCHUSURCHEF.
   763 | D:1      | 763 ||| READING scroll labelled VEYVOS LYDYNU.
   764 | D:1      | 764 ||| DROPPING scroll of vulnerability.
   765 | D:1      | 765 ||| DROPPING scroll of butterflies.
   781 | D:2      | Reached skill level 1 in Armour
   917 | D:2      | Noticed a black bear
   926 | D:2      | Killed a black bear
   927 | D:2      | Reached skill level 6 in Ranged Weapons
   927 | D:2      | Reached XP level 4. HP: 20/38 MP: 3/3
   927 | D:2      | 927 ||| FLEEEEING.
   937 | D:2      | 937 ||| STAIRDANCE
   993 | D:1      | 993 ||| READING scroll labelled FONEEZ OMAET.
   994 | D:1      | 994 ||| DRINKING 3 smoky golden potions.
   995 | D:1      | 995 ||| DRINKING 2 lumpy sapphire potions.
   996 | D:1      | 996 ||| DROPPING potion of attraction.
  1160 | D:2      | Reached XP level 5. HP: 45/45 MP: 4/4
  1814 | D:2      | 1814 ||| UPGRADING to +0 ring mail.
  1824 | D:2      | 1824 ||| DROPPING +0 leather armour.
  1825 | D:2      | 1825 ||| READING scroll labelled ILEF VAIRHUMU.
  1826 | D:2      | 1826 ||| READING scroll labelled AQAIKA BEPN.
  2011 | D:3      | Found a faded altar of an unknown god.
  2044 | D:3      | Noticed Natasha
  2048 | D:3      | Killed Natasha
  2417 | D:3      | Noticed Sigmund
  2424 | D:3      | Killed Sigmund
  2425 | D:3      | Reached skill level 7 in Ranged Weapons
  2425 | D:3      | Reached XP level 6. HP: 49/52 MP: 5/5
  2647 | D:3      | Found a glowing golden altar of the Shining One.
  2740 | D:3      | 2740 ||| DRINKING 2 purple potions.
  2783 | D:3      | 2783 ||| DROPPING potion of lignification.
  2871 | D:4      | Reached skill level 8 in Ranged Weapons
  2914 | D:4      | Found a transporter.
  2915 | D:4      | Noticed qw's ghost (amateur MiHu)
  2917 | D:4      | Found a transporter.
  3045 | D:4      | Reached XP level 7. HP: 58/61 MP: 6/6
  3242 | D:4      | Reached skill level 3 in Dodging
  3469 | D:4      | 3469 ||| DRINKING 2 fizzy inky potions.
  3470 | D:4      | 3470 ||| DRINKING 3 lumpy coppery potions.
  3471 | D:4      | 3471 ||| READING 2 scrolls of identify.
  3471 | D:4      | 3471 ||| IDENTIFYING cyan potion
  3472 | D:4      | 3472 ||| DROPPING potion of enlightenment.
  3473 | D:4      | 3473 ||| DROPPING potion of berserk rage.
  3474 | D:4      | 3474 ||| DROPPING 2 potions of degeneration.
  3514 | D:5      | Entered Level 5 of the Dungeon
  3752 | D:5      | Reached skill level 9 in Ranged Weapons
  3819 | D:5      | Reached skill level 6 in Fighting
  3908 | D:5      | 3908 ||| SWAPPING to +0 orcbow.
  3909 | D:5      | 3909 ||| DROPPING +0 heavy shortbow.
  4010 | D:5      | Reached XP level 8. HP: 71/71 MP: 7/7
  4228 | D:5      | Found an opulent altar of Gozag.
  4229 | D:5      | Found a runed translucent gate.
  4229 | D:5      | Found a runed translucent gate.
  4229 | D:5      | Found a runed translucent gate.
  4237 | D:5      | Noticed qw's ghost (novice GrFi)
  4527 | D:5      | 4527 ||| READING scroll labelled XIASKOI LOILUO.
  4528 | D:5      | 4528 ||| DRINKING 2 red potions.
  4532 | D:5      | 4532 ||| READING 5 scrolls of identify.
  4532 | D:5      | 4532 ||| IDENTIFYING inky potion
  4533 | D:5      | 4533 ||| READING 4 scrolls of identify.
  4533 | D:5      | 4533 ||| IDENTIFYING sedimented dark potion
  4534 | D:5      | 4534 ||| DROPPING potion of ambrosia.
  4661 | D:6      | Reached skill level 10 in Ranged Weapons
  4725 | D:6      | Reached skill level 3 in Armour
  4816 | D:6      | HP: 17/73 [steam dragon/ball of steam (5)]
  4818 | D:6      | HP: 7/73 [steam dragon (3)]
  4819 | D:6      | HP: 3/73 [steam dragon] (1)]
  4819 | D:6      | Mangled by a vampire mosquito

Levels and vault maps discovered:
D:1:      elethiomel_arrival_infinity_welcomes_careful_drivers, layout_basic,
          serial_shops, shop, minmay_cut_off
D:2:      minmay_general_purpose_star, layout_basic, minmay_hexomino_f4
D:3:      cheibrodos_helix_gallery, layout_basic, lemuel_coloured_pillars_altar,
          dreamdust_ecumenical_altar_grove, uniq_sigmund, uniq_natasha
D:4:      layout_basic, gammafunk_ghost_smash
D:5:      layout_basic, ebering_ghost_gozag, nicolae_eternal_life
D:6:      cheibrodos_steamvent, layout_basic, mainiacjoe_overflow_swirl,
          mainiacjoe_overflow_catwalk, serial_shops, shop,
          minmay_divided_ellipse

Skill      XL: |  1  2  3  4  5  6  7  8 |
---------------+-------------------------+-----
Ranged Weapons | 5 6 7 8 9 10 | 10.0
Fighting       | 3 4 5 6 7 |  7.4
Armour         | 1 2 3 |  3.1
Dodging        | 3 |  3.0
Stealth        | |  0.7

Action                     |  1- 3 |  4- 6 |  7- 9 || total
---------------------------+-------+-------+-------++-------
   Fire: Shortbow          |    83 |    97 |    67 ||   247
         Orcbow            |       |       |    59 ||    59
    Use: Scroll            |     5 |     3 |     4 ||    12
         Potion            |       |     3 |     3 ||     6
 Armour: Leather armour    |    15 |    19 |       ||    34
         Ring mail         |       |     6 |    26 ||    32
  Dodge: Dodged            |    17 |    24 |    64 ||   105

Table legend:
 A = Non-vault XP
 B = Vault XP
 C = Vault XP percentage of total XP
 D = Non-vault monster count
 E = Vault monster count
 F = Vault count percentage of total count
                 A         B        C        D         E       F
            +---------+---------+-------+---------+---------+-------
      Total |    1519 |     604 |  28.5 |     104 |      15 |  12.6
            +---------+---------+-------+---------+---------+-------
        D:1 |      33 |       8 |  19.5 |      21 |       4 |  16.0
        D:2 |      68 |     125 |  64.8 |      24 |       4 |  14.3
        D:3 |      57 |     271 |  82.6 |      13 |       4 |  23.5
        D:4 |     358 |       0 |   0.0 |      18 |       0 |   0.0
        D:5 |     707 |       0 |   0.0 |      18 |       0 |   0.0
        D:6 |     296 |     200 |  40.3 |      10 |       3 |  23.1
            +---------+---------+-------+---------+---------+-------
